 Dungeon Crawl Stone Soup version 0.20.0 (webtiles) character file.

72 Llamajah the Shield-Bearer (level 4, -1/40 HPs)
             Began as a Minotaur Fighter on July 18, 2017.
             Was an Initiate of Okawaru.
             Slain by Crazy Yiuf
             ... wielding a +3 quarterstaff of chaos
              (14 damage)
             ... on level 2 of the Dungeon.
             The game lasted 00:04:25 (1213 turns).

Llamajah the Shield-Bearer (Minotaur Fighter)       Turns: 1213, Time: 00:04:25

Health: -1/40      AC:  7    Str: 21    XL:     4   Next: 7%
Magic:  3/3        EV:  8    Int:  5    God:    Okawaru [......]
Gold:   47         SH:  9    Dex: 10    Spells: 3/3 levels left

rFire    . . .     SeeInvis .   a - +0 war axe
rCold    . . .     Gourm    .   c - +0 shield
rNeg     . . .     Faith    .   b - +0 scale mail
rPois    .         Spirit   .   (helmet restricted)
rElec    .         Reflect  .   (no cloak)
rCorr    .         Harm     .   (no gloves)
MR       .....                  (no boots)
Stlth    ..........             (no amulet)
Regen    0.2/turn               (no ring)
MPRegen  0.1/turn               (no ring)

@: no status effects
A: retaliatory headbutt, horns 2
a: Renounce Religion


You were on level 2 of the Dungeon.
You worshipped Okawaru.
Okawaru was noncommittal.
You were not hungry.

You visited 1 branch of the dungeon, and saw 2 of its levels.

You collected 47 gold pieces.

Inventory:

Hand Weapons
 a - a +0 war axe (weapon)
Armour
 b - a +0 scale mail (worn)
 c - a +0 shield (worn)
Scrolls
 e - 2 scrolls of fog {unknown}
 g - 2 scrolls of noise {unknown}
 h - 2 scrolls of enchant armour {unknown}
 i - a scroll of blinking {unknown}
 j - a scroll of identify {unknown}
 n - a scroll of remove curse {unknown}
Potions
 d - a potion of might
 l - a potion of flight {unknown}
Comestibles
 f - 2 bread rations
 k - a royal jelly
 m - 2 fruits
 o - 2 chunks of flesh


   Skills:
 + Level 3.9 Fighting
 + Level 2.5 Axes
 * Level 4.1 Armour
 * Level 2.6 Dodging
 * Level 4.2 Shields


You had 3 spell levels left.
You didn't know any spells.

Dungeon Overview and Level Annotations

Branches:
Dungeon (2/15)

Altars:
Kikubaaqudgha
Okawaru
Vehumet

Annotations:
D:2 Crazy Yiuf


Innate Abilities, Weirdness & Mutations

You reflexively headbutt those who attack you in melee.
You have a pair of horns on your head.


Message History

Found a mace.
There is an open door here.
You barely miss Crazy Yiuf.
Crazy Yiuf twirls on the spot.
Crazy Yiuf closely misses you.
You barely miss Crazy Yiuf. You headbutt Crazy Yiuf!
Crazy Yiuf is heavily wounded.
Crazy Yiuf hits you with a quarterstaff of chaos.
You are electrocuted!
Crazy Yiuf hits you with a quarterstaff of chaos.
Crazy Yiuf burns you.
You closely miss Crazy Yiuf.
You headbutt Crazy Yiuf, but do no damage.
Crazy Yiuf is heavily wounded.
Crazy Yiuf hits you with a quarterstaff of chaos.
You hit Crazy Yiuf.
Crazy Yiuf is heavily wounded.
Crazy Yiuf hits you with a quarterstaff of chaos.
You are electrocuted!
You die...

#)^))#
#.........#
#))))#
#####.#####
#.))## #†#
### ##.##
#.# #.. #.##
#.# #.# ##.#
#.# #.# #.##
#.# #.# ##.#
#.####.# #@#
##.......
#.g.#
##..##....
#...#
###...##.[..
#..)#
#...#....(..
#####
###....#....
#..###....
######..#
#....
#...##..#
#....
###.....#
#....


You could see Crazy Yiuf.

Vanquished Creatures
  2 adders (D:2)
  2 oozes (D:1)
  A worm (D:2)
  2 dart slugs (D:1)
  3 bat zombies (D:2)
  A giant cockroach (D:1)
  4 goblins (D:1)
  2 hobgoblins (D:1)
  3 jackals (D:2)
  A quokka (D:2)
  A ball python (D:1)
  5 bats (D:1)
  3 frilled lizards
  2 kobolds (D:1)
  9 rats
41 creatures vanquished.

Notes
Turn   | Place    | Note
-------+----------+-------------------------------------------
     0 | D:1      | Llamajah the Minotaur Fighter began the quest for the Orb.
     0 | D:1      | Reached XP level 1. HP: 19/19 MP: 0/0
    72 | D:1      | Reached skill level 1 in Dodging
    77 | D:1      | Reached XP level 2. HP: 26/26 MP: 1/1
   400 | D:1      | Reached XP level 3. HP: 31/33 MP: 2/2
   792 | D:2      | Found a radiant altar of Vehumet.
   869 | D:2      | Found an ancient bone altar of Kikubaaqudgha.
  1009 | D:2      | Found a runed door.
  1081 | D:2      | Found an iron altar of Okawaru.
  1083 | D:2      | Reached XP level 4. HP: 40/40 MP: 3/3
  1105 | D:2      | Became a worshipper of Warmaster Okawaru
  1208 | D:2      | Noticed Crazy Yiuf
  1213 | D:2      | Slain by Crazy Yiuf

Skill      XL: |  1  2  3 |
---------------+----------+-----
Dodging        | 1 2 |  2.6
Shields        | 4 |  4.2
Armour         | 4 |  4.1
Fighting       | |  3.9
Axes           | |  2.5

Action                   |  1- 3 |  4- 6 || total
-------------------------+-------+-------++-------
Melee: War axe           |    59 |     6 ||    65
       Headbutt          |    14 |     3 ||    17
  Eat: Chunk             |     1 |       ||     1
Armor: Scale mail        |    24 |       ||    24
Dodge: Dodged            |    28 |     2 ||    30
Block: Shield            |    28 |     1 ||    29
